 Dungeon Crawl Stone Soup version 0.24.0-29-g8ce449bc06 (webtiles) character file.

Game seed: 1862830689792945057, levelgen mode: deterministic

996 night the Geomancer (level 7, -9/66 HPs)
             Began as a Deep Dwarf Earth Elementalist on Nov 13, 2019.
             Mangled by a two-headed ogre
             ... wielding a cursed +0 giant club
              (24 damage)
             ... on level 6 of the Dungeon.
             The game lasted 00:24:58 (6909 turns).

night the Geomancer (Deep Dwarf Earth Elementalist) Turns: 6909, Time: 00:24:59

Health: -9/66      AC:  5    Str: 11    XL:     7   Next: 99%
Magic:  2/13       EV: 12    Int: 18    God:
Gold:   276        SH:  0    Dex: 13    Spells: 7/15 levels left

rFire    . . .     SeeInvis .   a - +1 dagger (elec)
rCold    . . .     Gourm    .   (no shield)
rNeg     . . .     Faith    .   c - +0 robe
rPois    .         Spirit   .   p - +1 helmet
rElec    .         Reflect  .   x - +0 cloak
rCorr    .         Harm     .   (no gloves)
MR       +....                  (no boots)
Stlth    ++........             (no amulet)
HPRegen  0.00/turn              (no ring)
MPRegen  0.13/turn              (no ring)

@: non-regenerating
A: damage resistance, heal wounds, sense surroundings 1, no regeneration
a: Heal Wounds


You were on level 6 of the Dungeon.
You were not hungry.

You visited 1 branch of the dungeon, and saw 6 of its levels.

You collected 276 gold pieces.

Inventory:

Hand Weapons
 a - a +1 dagger of electrocution (weapon)
 b - a +2 hunting sling of flaming
 h - a +0 dagger
 k - a +0 mace
 n - a +2 dagger of draining
 o - a +1 trident of piercing
 s - a +2 quarterstaff of chaos
Missiles
 l - 105 arrows
 t - 3 boomerangs
 v - 87 poisoned darts
 w - 5 boomerangs of dispersal
 B - 143 stones (quivered)
 H - 14 sling bullets
Armour
 c - a +0 robe (worn)
 p - a +1 helmet (worn)
 x - a +0 cloak (worn)
 D - a +0 shield
Jewellery
 q - an uncursed ring of fire
Wands
 r - a wand of acid (2)
 G - a wand of flame (17)
Scrolls
 e - 9 scrolls of identify
 g - 4 scrolls of remove curse
 j - 5 scrolls of teleportation
 m - 2 scrolls of enchant armour
 y - a scroll of fog {unknown}
 C - a scroll of amnesia
 F - a scroll of fear {unknown}
Potions
 f - a potion of magic {unknown}
 i - 3 potions of curing
 u - a potion of mutation {unknown}
 z - a potion of might {unknown}
 A - a potion of lignification {unknown}
 E - 2 potions of ambrosia {unknown}
Comestibles
 d - 6 rations
 I - 4 chunks of flesh


   Skills:
 + Level 4.6 Fighting
 - Level 2.1 Dodging
 - Level 2.4 Stealth
 + Level 4.7 Spellcasting
 - Level 0.8 Transmutations
 + Level 8.1 Earth Magic


You had 7 spell levels left.
You knew the following spells:

 Your Spells              Type           Power        Failure   Level  Hunger
a - Sandblast             Erth           ####..       1%          1    None
b - Stone Arrow           Conj/Erth      ###...       8%          3    ###....
c - Petrify               Tmut/Erth      ###.....     22%         4    ####...

Your spell library contained the following spells:

 Spells                   Type           Power        Failure   Level  Hunger
 Passwall                 Tmut/Erth      ###.....     3%          2    #......
 Lee's Rapid Deconstruct  Erth           ####......   14%         5    ######.


Dungeon Overview and Level Annotations

Branches:
Dungeon (6/15)
 Temple: D:4-7

Altars:
Yredelemnul

Shops:
D:4 :   D:5 *


Innate Abilities, Weirdness & Mutations

You are resistant to damage.
You can heal yourself by infusing magical energy.
You passively map a small area around you.
You do not regenerate.


Message History

The two-headed ogre is moderately wounded.
Casting: Petrify (slightly dangerous; 22% risk of failure)
Confirm with . or Enter, or press ? or * to list all spells.
You don't have enough magic to cast that spell.
Evoke which item? (* to show all) (? for menu, Esc to quit)
Aiming: Corrosive Bolt
Press: ? - help, Shift-Dir - straight line, f/p - two-headed ogre
Aim: a two-headed ogre, wielding two +0 giant clubs (moderately wounded, covered in acid)
The bolt of acid misses the hound zombie.
The bolt of acid hits the two-headed ogre!
The two-headed ogre is splashed with acid.
The two-headed ogre is heavily wounded.
You barely miss the two-headed ogre.
The two-headed ogre is heavily wounded.
You barely miss the two-headed ogre.
The two-headed ogre is heavily wounded.
The two-headed ogre is no longer covered in acid.
The hound zombie misses you.
The two-headed ogre hits you with a cursed +0 giant club!!
You die...

* .............##### *
.............#.<.# ,
.............#...# , ,
.............#...# , *
$...........)###'#####+##
..###+####..............#
. ,, ,#..............#
,,,#OZ............#
,#@.............# *
#..............' ,
#..............#
########+####... , , , ,,
... * * * , , , ,* , *


You could see a two-headed ogre and a hound zombie.

Vanquished Creatures
  An ice beast (D:5)
  A centaur (D:5)
  An ogre (D:6)
  A bullfrog (D:4)
  A scorpion (D:5)
  2 crimson imps (D:5)
  A bullfrog zombie (D:5)
  4 orc priests
  Crazy Yiuf (D:5)
  2 orc wizards
  3 worker ants (D:4)
  A hound skeleton (D:4)
  Robin (D:2)
  5 adders
  2 worms
  3 dart slugs
  6 leopard geckos
  14 orcs
  3 giant cockroaches
  16 hobgoblins
  30 jackals
  8 kobolds
  5 bats
  6 frilled lizards
  28 goblins
  A jackal skeleton (D:4)
  7 rats
  A spectral orc (D:3)
  A fungus (D:5)
156 creatures vanquished.

Notes
Turn   | Place    | Note
-------+----------+-------------------------------------------
     0 | D:1      | night the Deep Dwarf Earth Elementalist began the quest for
                  | the Orb.
     0 | D:1      | Reached XP level 1. HP: 15/15 MP: 3/3
    86 | D:1      | Reached XP level 2. HP: 16/24 MP: 0/5
   521 | D:1      | Reached skill level 1 in Fighting
   923 | D:1      | Reached XP level 3. HP: 25/31 MP: 4/6
   947 | D:1      | Learned a level 3 spell: Stone Arrow
  1478 | D:2      | Noticed Robin
  1582 | D:1      | Reached skill level 5 in Earth Magic
  1705 | D:1      | Reached XP level 4. HP: 39/39 MP: 7/7
  1922 | D:2      | Killed Robin
  2618 | D:2      | Learned a level 4 spell: Petrify
  2960 | D:3      | Reached XP level 5. HP: 35/46 MP: 6/9
  3210 | D:3      | You fall into a shaft and drop 2 floors!
  3210 | D:5      | Entered Level 5 of the Dungeon
  3243 | D:5      | Reached skill level 6 in Earth Magic
  3249 | D:5      | Noticed a centaur
  3389 | D:5      | HP: 2/46 [scorpion (7)]
  3393 | D:5      | Reached XP level 6. HP: 33/55 MP: 6/11
  3512 | D:5      | Found a runed translucent door.
  3513 | D:5      | Noticed Crazy Yiuf
  3519 | D:5      | Killed Crazy Yiuf
  4011 | D:3      | Found a faded altar of an unknown god.
  4250 | D:3      | Found a basalt altar of Yredelemnul.
  5163 | D:4      | Reached skill level 7 in Earth Magic
  5163 | D:4      | Reached XP level 7. HP: 34/62 MP: 0/12
  5658 | D:4      | Found Awiegh's Book Emporium.
  6441 | D:5      | Found Wyscho Ohigea's Serpentskin Sales.
  6839 | D:6      | Reached skill level 8 in Earth Magic
  6892 | D:6      | Noticed a two-headed ogre
  6909 | D:6      | Mangled by a two-headed ogre

Levels and vault maps discovered:
D:1:      dpeg_arrival_morbid_curiosity, layout_basic
D:2:      layout_basic, uniq_robin
D:3:      kennysheep_the_goblin_king, layout_loops_cross,
          yredelemnul_forgotten_temple_becter, chequers_ecumenical_altar_island,
          minivault_5
D:4:      layout_loops_cross, first_ration, serial_shops, shop_statue,
          minivault_26
D:5:      layout_loops_corners, guppyfry_shop_venom, uniq_crazy_yiuf_cottage
D:6:      layout_gridville, ebering_ghost_sewer_d, serial_shops,
          nicolae_shop_temple_entry_statues_fountains, uniq_pikel

Skill      XL: |  1  2  3  4  5  6  7 |
---------------+----------------------+-----
Spellcasting   | 2 3 4 |  4.7
Fighting       | 1 2 3 4 |  4.6
Earth Magic    | 5 6 7 8 |  8.1
Dodging        | |  2.1
Stealth        | |  2.4
Transmutations | |  0.8

Action                   |  1- 3 |  4- 6 |  7- 9 || total
-------------------------+-------+-------+-------++-------
Melee: Unarmed           |    20 |       |       ||    20
       Dagger            |     9 |    75 |    57 ||   141
       Mace              |    15 |       |       ||    15
       Quarterstaff      |       |    18 |       ||    18
 Fire: Hunting sling     |       |     3 |     3 ||     6
 Cast: Sandblast         |    47 |    66 |    22 ||   135
       Stone Arrow       |     6 |    23 |    11 ||    40
       Petrify           |       |       |     4 ||     4
 Abil: Heal Wounds       |     2 |     4 |     2 ||     8
Evoke: Wand              |       |     2 |     3 ||     5
  Use: Scroll            |       |     5 |       ||     5
       Potion            |       |       |     1 ||     1
 Stab: Sleeping          |     1 |       |       ||     1
       Petrified         |       |       |     2 ||     2
  Eat: Chunk             |     4 |    12 |     8 ||    24
Armor: Robe              |    17 |    15 |    18 ||    50
Dodge: Dodged            |    56 |    55 |    50 ||   161
